 Dungeon Crawl Stone Soup version 0.30-a0-166-g5d06c95188 (webtiles) character file.

Game seed: 2380133766022338677

198 qw the Chopper (level 5, -2/32 HPs)
             Began as a Gargoyle Fighter on Sept 28, 2022.
             Slain by an ogre
             ... wielding a +0 giant club
              (20 damage)
             ... on level 4 of the Dungeon.
             The game lasted 00:01:07 (2771 turns).

qw the Chopper (Gargoyle Fighter)                   Turns: 2771, Time: 00:01:07

Health: -2/32      AC: 16    Str: 21    XL:     5   Next: 77%
Magic:  1/1        EV: 10    Int:  9    God:
Gold:   119        SH:  4    Dex: 11    Spells: 4/4 levels left

rFire   . . .      SeeInvis .    e - +7 war axe "Xasipn" {antimagic, Will+ Dex+2}
rCold   . . .      Faith    .    c - +0 buckler
rNeg    + . .      Spirit   .    b - +0 scale mail
rPois   inf        Reflect  .    (no helmet)
rElec   +          Harm     .    a - +1 cloak
rCorr   .          Rampage  +    (no gloves)
Will    +....                    h - +2 pair of boots {rampage}
Stlth   ..........               (no amulet)
HPRegen 0.10/turn                (no ring)
MPRegen 0.07/turn                (no ring)

@: no status effects
A: sickness immunity, AC +4, negative energy resistance 1, electricity
resistance, torment resistance 1, petrification resistance
a: no special abilities


You were on level 4 of the Dungeon.
You visited 1 branch of the dungeon, and saw 4 of its levels.

You collected 139 gold pieces.
You spent 20 gold pieces at shops.


Innate Abilities, Weirdness & Mutations

You are immune to sickness and miasma.
Your stone body is resilient. (AC +4)
You are immune to poison.
You resist negative energy. (rN+)
You are resistant to electric shocks. (rElec)
You are resistant to unholy torment.
You are immune to petrification.


   Skills:
 - Level 3.2 Fighting
 + Level 4.3 Axes
 - Level 3.2 Armour
 - Level 2.4 Dodging
 - Level 3.2 Shields


You had 4 spell levels left.
You didn't know any spells.
Your spell library was empty.

Inventory:

Hand Weapons
 e - the +7 war axe "Xasipn" (weapon) {antimagic, Will+ Dex+2}
   (You found it on level 2 of the Dungeon)

   It reduces the magical energy of the wielder, and disrupts the spells and
   magical abilities of those it strikes.
   Natural abilities and divine invocations are not affected.
   Dex:       It affects your dexterity (+2).
   Will:      It increases your willpower.
 f - a +1 broad axe of freezing
 j - a +0 whip
Armour
 a - a +1 cloak (worn)
 b - a +0 scale mail (worn)
 c - a +0 buckler (worn)
 h - a +2 pair of boots of rampaging (worn)
 i - a +0 chain mail
Scrolls
 m - 2 scrolls of identify
Potions
 d - 2 potions of might
 g - a potion of curing {unknown}
 n - a potion of lignification

Dungeon Overview and Level Annotations

Branches:
Dungeon (4/15)
 Temple: D:4-7

Altars:
The Shining One

Shops:
D:1 *


Message History

You miss the adder. The adder barely misses you.
The adder bites you but does no damage.
You closely miss the adder. You slash the ball python!
You kill the ball python!
The adder misses you. The adder bites you but does no damage.
You barely miss the adder. The adder closely misses you.
You hit the adder.
The adder is moderately wounded.
The adder bites you but does no damage. x2
You slice the adder!!
You kill the adder!
Found a short sword.
g - a ruby potion A goblin comes into view.
It is wielding a +0 club.
An ogre comes into view. It is wielding a +0 giant club.
A goblin comes into view. It is wielding a +0 club.
2757 ||| Stepping ~*~*~tactically~*~*~ (stealth).
2758 ||| Stepping ~*~*~tactically~*~*~ (stealth).
The goblin attacks as you move away! The goblin closely misses you.
You hit the goblin.
You kill the goblin!
i - a +0 chain mail You see here a +0 club.
The ogre shouts!
You barely miss the ogre. The ogre hits you with a +0 giant club!
You slash the ogre!
The ogre is moderately wounded.
The ogre hits you but does no damage.
You barely miss the ogre.
The ogre is moderately wounded.
The goblin shouts!
The ogre hits you with a +0 giant club.
You slash the ogre!
The ogre is almost dead.
A dart slug comes into view.
The ogre hits you with a +0 giant club!!
Ouch! That really hurt!
You die...

#.# #.# #.# #.# #.#
#...########## ..#
#.#.#.)...... #.#
#..........
..#######.#..###g#####..
..).......#..##.@O.....w
#........<.....)#..#....
#...............#..# .
#........%.....###.#
#..............# ..
#.#...##......## #.#
#.###.##......# .. #.#
#.##.....## #.# #.
#.#####..#


You could see an ogre, a dart slug and a goblin.

Vanquished Creatures
  An ogre (D:3)
  3 adders
  3 worms
  4 dart slugs
  4 orcs (D:3)
  3 endoplasms
  2 giant cockroaches (D:1)
  7 goblins
  6 hobgoblins
  3 jackals (D:2)
  8 quokkas
  4 ball pythons
  6 bats
  3 frilled lizards
  7 kobolds
  3 rats
67 creatures vanquished.

Vanquished Creatures (others)
  A plant (D:3)
1 creature vanquished.

Grand Total: 68 creatures vanquished

Notes
Turn   | Place    | Note
-------+----------+-------------------------------------------
     0 | D:1      | qw the Gargoyle Fighter began the quest for the Orb.
     0 | D:1      | Reached XP level 1. HP: 14/14 MP: 1/1
     0 | D:1      | 0 ||| qw: Version: 0.2-a-12-gaebbb33
     0 | D:1      | 0 ||| qw: Game counter: 964
     0 | D:1      | 0 ||| qw: Always use a shield: true
     0 | D:1      | 0 ||| qw: God list: Okawaru
     0 | D:1      | 0 ||| qw: Allow faded altars: false
     0 | D:1      | 0 ||| qw: Do Orc after D:15 true
     0 | D:1      | 0 ||| qw: Do second Lair branch before Depths: true
     0 | D:1      | 0 ||| qw: Lair rune preference: random
     0 | D:1      | 0 ||| qw: Plans: Normal, Zot:1-4, God:TSO, Crypt, Tomb,
                  | Pan, Slime:5, Hells, Abyss, Orb
     0 | D:1      | 0 ||| PLANNING D:1-11
    55 | D:1      | Reached skill level 2 in Axes
    98 | D:1      | 98 ||| Stepping ~*~*~tactically~*~*~ (hiding).
   110 | D:1      | Reached XP level 2. HP: 19/19 MP: 2/2
   389 | D:1      | Found a faded altar of an unknown god.
   446 | D:1      | Found Ecuom's General Store.
   453 | D:1      | 453 ||| SHOPLISTING potion of attraction (30 gold, have
                  | 22).
   453 | D:1      | 453 ||| SHOPLISTING potion of curing (30 gold, have 22).
   453 | D:1      | 453 ||| SHOPLISTING potion of mutation (80 gold, have 22).
   453 | D:1      | 453 ||| BUYING scroll of identify (20 gold).
   453 | D:1      | Bought a scroll of identify for 20 gold pieces
   453 | D:1      | 453 ||| SHOPLISTING scroll of teleportation (30 gold, have
                  | 2).
   622 | D:1      | Reached skill level 3 in Axes
   756 | D:1      | 756 ||| DROPPING +0 club.
   816 | D:1      | Reached XP level 3. HP: 23/23 MP: 3/3
   924 | D:1      | 924 ||| Stepping ~*~*~tactically~*~*~ (stealth).
   986 | D:1      | 986 ||| READING scroll labelled REHAYN YTEAM.
   987 | D:1      | 987 ||| READING scroll labelled JUED KIRAYNUIR.
   988 | D:1      | 988 ||| READING scroll labelled JUPHUA HOTSI.
   988 | D:1      | Identified a scroll of acquirement
   988 | D:1      | 988 ||| ACQUIRING +0 broad axe of flaming
   988 | D:1      | Acquired a +0 broad axe of flaming
   990 | D:1      | 990 ||| SWAPPING to +0 broad axe of flaming.
   991 | D:1      | 991 ||| DROPPING +0 whip.
   992 | D:1      | 992 ||| DROPPING +0 war axe.
   993 | D:1      | 993 ||| READING scroll labelled YSCHEE JOHIAPP.
   994 | D:1      | 994 ||| READING scroll labelled UPOVEDD IVUM.
   995 | D:1      | 995 ||| READING scroll labelled ASIFOSEWYO.
  1032 | D:1      | 1032 ||| READING scroll labelled VOFFECI SASAQ.
  1033 | D:1      | 1033 ||| READING 3 scrolls of identify.
  1033 | D:1      | 1033 ||| IDENTIFYING green potion
  1034 | D:1      | 1034 ||| READING 2 scrolls of identify.
  1034 | D:1      | 1034 ||| IDENTIFYING fuming green potion
  1035 | D:1      | 1035 ||| DROPPING potion of degeneration.
  1067 | D:2      | Identified the +7 war axe "Xasipn" {antimagic, Will+ Dex+2}
  1069 | D:2      | 1069 ||| SWAPPING to +7 war axe "Xasipn" {antimagic, Will+
                  | Dex+2}.
  1161 | D:2      | 1161 ||| Stepping ~*~*~tactically~*~*~ (stealth).
  1392 | D:2      | 1392 ||| Stepping ~*~*~tactically~*~*~ (stealth).
  1396 | D:2      | 1396 ||| Stepping ~*~*~tactically~*~*~ (stealth).
  1397 | D:2      | 1397 ||| Stepping ~*~*~tactically~*~*~ (stealth).
  1398 | D:2      | 1398 ||| Stepping ~*~*~tactically~*~*~ (stealth).
  1403 | D:2      | 1403 ||| DROPPING +0 club.
  1511 | D:2      | 1511 ||| Stepping ~*~*~tactically~*~*~ (stealth).
  1517 | D:2      | 1517 ||| Stepping ~*~*~tactically~*~*~ (stealth).
  1525 | D:2      | Reached XP level 4. HP: 25/28 MP: 1/4
  1606 | D:2      | 1606 ||| Stepping ~*~*~tactically~*~*~ (hiding).
  1805 | D:2      | Reached skill level 4 in Axes
  1969 | D:2      | 1969 ||| UPGRADING to +2 pair of boots of rampaging.
  1974 | D:2      | 1974 ||| DROPPING amulet of magic regeneration.
  1975 | D:2      | 1975 ||| DROPPING +6 ring of intelligence.
  1976 | D:2      | 1976 ||| READING 2 scrolls labelled PUTTOR GUJIS.
  1977 | D:2      | 1977 ||| READING scroll labelled DOGICZO GUNUT.
  1978 | D:2      | 1978 ||| READING scroll labelled ZAWIOT YLUSO.
  1979 | D:2      | 1979 ||| DROPPING scroll of vulnerability.
  2002 | D:3      | 2002 ||| Stepping ~*~*~tactically~*~*~ (stealth).
  2003 | D:3      | 2003 ||| Stepping ~*~*~tactically~*~*~ (stealth).
  2026 | D:3      | Noticed an ogre
  2027 | D:3      | 2027 ||| Stepping ~*~*~tactically~*~*~ (stealth).
  2028 | D:3      | 2028 ||| Stepping ~*~*~tactically~*~*~ (stealth).
  2035 | D:3      | Killed an ogre
  2036 | D:3      | Reached XP level 5. HP: 21/32 MP: 1/5
  2410 | D:3      | 2410 ||| Stepping ~*~*~tactically~*~*~ (hiding).
  2420 | D:3      | 2420 ||| Stepping ~*~*~tactically~*~*~ (stealth).
  2426 | D:3      | Found a glowing golden altar of the Shining One.
  2661 | D:3      | 2661 ||| UPGRADING to +1 cloak.
  2756 | D:4      | Noticed an ogre
  2757 | D:4      | 2757 ||| Stepping ~*~*~tactically~*~*~ (stealth).
  2758 | D:4      | 2758 ||| Stepping ~*~*~tactically~*~*~ (stealth).
  2771 | D:4      | Slain by an ogre

Levels and vault maps discovered:
D:1:      giann_wishing_wells, layout_loops_ring,
          shapermc_ecumenical_altar_notcrosses, serial_shops,
          nicolae_shop_advertising_works [nicolae_subvault_shop_adworks]
D:2:      layout_basic
D:3:      layout_rooms, nicolae_tso_swordbearing_angel, serial_forest,
          infiniplex_forest_zigzag_1, infiniplex_forest_clump_diagonal,
          infiniplex_forest_end_1, infiniplex_forest_clump_curved, minivault_23
D:4:      minmay_evil_eye, layout_loops_ring, nicolae_uskayaw_dance_hall,
          minmay_unequal

Skill      XL: |  1  2  3  4 |
---------------+-------------+-----
Axes           | 2 3 4 |  4.3
Dodging        | 2 |  2.4
Fighting       | |  3.2
Armour         | |  3.2
Shields        | |  3.2

Action                   |  1- 3 |  4- 6 || total
-------------------------+-------+-------++-------
Melee: War axe           |   115 |    55 ||   170
       Broad axe         |     2 |       ||     2
  Use: Scroll            |     9 |     3 ||    12
Armor: Scale mail        |    58 |    19 ||    77
Dodge: Dodged            |    45 |    19 ||    64
Block: Buckler           |    24 |     5 ||    29

Table legend:
 A = Non-vault XP
 B = Vault XP
 C = Vault XP percentage of total XP
 D = Non-vault monster count
 E = Vault monster count
 F = Vault count percentage of total count
                 A         B        C        D         E       F
            +---------+---------+-------+---------+---------+-------
      Total |     280 |       4 |   1.4 |      65 |       2 |   3.0
            +---------+---------+-------+---------+---------+-------
        D:1 |      40 |       0 |   0.0 |      24 |       0 |   0.0
        D:2 |      62 |       0 |   0.0 |      23 |       0 |   0.0
        D:3 |     158 |       0 |   0.0 |      14 |       0 |   0.0
        D:4 |      20 |       4 |  16.7 |       4 |       2 |  33.3
            +---------+---------+-------+---------+---------+-------
